 Dungeon Crawl Stone Soup version 0.22-a0-515-g75794bf (webtiles) character file.

1619 pk666 the Thaumaturge (level 8, -3/41 HPs)
             Began as a Deep Elf Fire Elementalist on June 20, 2018.
             Was an Initiate of Vehumet.
             Slain by a gnoll
             ... wielding a +0 halberd
              (7 damage)
             ... on level 6 of the Dungeon.
             The game lasted 00:19:03 (7696 turns).

pk666 the Thaumaturge (Deep Elf Fire Elementalist)  Turns: 7696, Time: 00:19:11

Health: -3/41      AC:  3    Str:  9 (10) XL:     8   Next: 64%
Magic:  1/22       EV: 12    Int: 25 (28) God:    Vehumet [......]
Gold:   217        SH:  0    Dex: 12 (15) Spells: 10/23 levels left

rFire    . . .     SeeInvis .   (no weapon)
rCold    . . .     Gourm    .   (no shield)
rNeg     . . .     Faith    .   a - +1 robe
rPois    .         Spirit   .   (no helmet)
rElec    .         Reflect  .   (no cloak)
rCorr    .         Harm     .   (no gloves)
MR       .....                  (no boots)
Stlth    ++........             (no amulet)
HPRegen  0.13/turn              (no ring)
MPRegen  0.18/turn              (no ring)

@: mighty, brilliant, about to teleport
A: no striking features
a: Renounce Religion


You were on level 6 of the Dungeon.
You worshipped Vehumet.
Vehumet was noncommittal.
You were not hungry.

You visited 2 branches of the dungeon, and saw 7 of its levels.
You also visited: Sewer.

You collected 217 gold pieces.

Inventory:

Armour
 a - a +1 robe (worn)
Jewellery
 x - an uncursed ring of wizardry {unknown}
Scrolls
 f - a scroll of random uselessness
 g - a scroll of teleportation
 i - 2 scrolls of identify
 k - 3 scrolls of enchant weapon
 o - 2 scrolls of immolation
 t - 3 scrolls of fog
 w - 3 scrolls of magic mapping {unknown}
Potions
 b - a potion of degeneration
 d - a potion of might
 e - a potion of invisibility {unknown}
 h - a potion of brilliance
 j - 4 potions of agility
 l - 2 potions of mutation {unknown}
 m - 2 potions of curing
 n - 2 potions of resistance {unknown}
 p - a potion of flight {unknown}
 q - 2 potions of haste {unknown}
 r - 2 potions of heal wounds {unknown}
 s - a potion of lignification {unknown}
 u - 2 potions of cancellation {unknown}
 v - a potion of berserk rage {unknown}
Comestibles
 c - 4 rations


   Skills:
 - Level 2.4 Dodging
 - Level 2.4 Stealth
 + Level 8.4 Spellcasting
 + Level 7.6 Conjurations
 + Level 7.4 Fire Magic


You had 10 spell levels left.
You knew the following spells:

 Your Spells              Type           Power        Failure   Level  Hunger
a - Flame Tongue          Conj/Fire      #####        1%          1    None
b - Sticky Flame          Conj/Fire      ######..     1%          4    ##.....
c - Conjure Flame         Conj/Fire      ######..     1%          3    None
z - Fireball              Conj/Fire      ######....   1%          5    ####...

Your spell library contained the following spells:

 Spells                   Type           Power        Failure   Level  Hunger
 Throw Flame              Conj/Fire      ######       1%          2    None
 Spider Form              Tmut/Pois      ####......   2%          3    None
 Blade Hands              Tmut           ####......   17%         5    ####...
 Ice Form                 Ice/Tmut       ####....     7%          4    ##.....
 Sticks to Snakes         Tmut           ####....     1%          2    None
 Inner Flame              Hex/Fire       #####...     1%          3    None
 Beastly Appendage        Tmut           ####..       1%          1    None


Dungeon Overview and Level Annotations

Branches:
Dungeon (6/15)             Temple (1/1) D:5

Altars:
Dithmenos
Elyvilon
Fedhas
Gozag
Hepliaklqana
Kikubaaqudgha
Makhleb
Nemelex Xobeh
Okawaru
Qazlal
Ru
Sif Muna
Trog
Vehumet
Xom
Yredelemnul
The Shining One
Jiyva

Shops:
D:4 =


Message History

The gnoll shouts!
The bullfrog closely misses you.
It was a potion of degeneration.
There was something very wrong with that liquid.
You feel weakened.
You feel dopey.
You feel clumsy.
The gnoll shouts!
You hear a shout!
The bullfrog barely misses you. The gnoll closely misses you.
The bullfrog hits you.
* * * LOW HITPOINT WARNING * * *
It was a potion of might.
You feel very mighty all of a sudden. The gnoll closely misses you.
The bullfrog completely misses you. The gnoll barely misses you.
It was a potion of brilliance.
You feel clever all of a sudden. The bullfrog barely misses you.
The gnoll hits you!
* * * LOW HITPOINT WARNING * * *
A gnoll shaman comes into view. It is wielding a club.
The gnoll hits you from afar with a halberd!
You die...

#.#############
#[.....[.....<#
#)############# #.# #.#
#.### ################...#
###>........o.oF.#.).#
........########@#...# #
..............##gg...##.#
..................g.....##
..........................
........)......(g.........
.......o######.##..######.
........######.##.........
............##.##..g#####.
########....##.##.....


You could see an orc warrior, a bullfrog, a gnoll shaman, 4 gnolls and an orc.

Vanquished Creatures
  Purgy (Sewer)
  2 sky beasts
  An ice beast (D:5)
  An ogre (D:4)
  4 centaurs
  A scorpion (D:2)
  A bullfrog zombie (D:6)
  3 hounds
  2 orc priests
  2 bullfrog skeletons
  4 orc wizards
  2 iguanas
  Terence (D:2)
  2 worker ants
  Robin (D:2)
  7 adders
  6 gnolls
  A river rat (D:3)
  A shadow imp (D:4)
  An ooze (D:1)
  A worm (D:2)
  A dart slug (D:1)
  2 leopard geckos
  16 orcs
  2 ball pythons
  11 giant cockroaches
  20 goblins
  8 hobgoblins
  13 jackals
  11 kobolds
  2 quokkas
  7 bats
  7 frilled lizards
  A leopard gecko skeleton (D:5)
  9 rats
155 creatures vanquished.

Notes
Turn   | Place    | Note
-------+----------+-------------------------------------------
     0 | D:1      | pk666 the Deep Elf Fire Elementalist began the quest for the Orb.
     0 | D:1      | Reached XP level 1. HP: 10/10 MP: 6/6
   151 | D:1      | Reached XP level 2. HP: 15/15 MP: 6/8
   445 | D:1      | Reached XP level 3. HP: 15/19 MP: 3/10
   821 | D:1      | Found a shimmering altar of Xom.
  1106 | D:2      | Reached XP level 4. HP: 18/24 MP: 1/11
  1315 | D:2      | Reached skill level 4 in Spellcasting
  1321 | D:2      | Learned a level 4 spell: Sticky Flame
  1325 | D:2      | Learned a level 3 spell: Conjure Flame
  1345 | D:2      | Noticed Robin
  1361 | D:2      | Killed Robin
  1604 | D:2      | Found a deep blue altar of Sif Muna.
  1625 | D:2      | Reached XP level 5. HP: 28/28 MP: 2/13
  2047 | D:2      | Found a glowing golden altar of the Shining One.
  2067 | D:2      | Noticed Terence
  2091 | D:2      | Killed Terence
  2224 | D:2      | Found a bloodstained altar of Trog.
  2606 | D:3      | Found a glowing drain.
  2652 | Sewer    | Entered a sewer
  2662 | Sewer    | Noticed Purgy
  2675 | Sewer    | Killed Purgy
  2675 | Sewer    | Reached skill level 5 in Spellcasting
  2675 | Sewer    | Reached skill level 5 in Conjurations
  2675 | Sewer    | Reached XP level 6. HP: 16/32 MP: 2/15
  3096 | D:3      | Noticed a sky beast
  3104 | D:3      | Killed a sky beast
  3104 | D:3      | Reached skill level 5 in Fire Magic
  3213 | D:3      | Learned a level 5 spell: Fireball
  3365 | D:3      | Reached XP level 7. HP: 15/36 MP: 10/17
  4118 | D:4      | Found a blossoming altar of Fedhas.
  4144 | D:4      | Reached skill level 6 in Spellcasting
  4544 | D:4      | Found a stormy altar of Qazlal.
  4760 | D:4      | Found a bloodstained altar of Trog.
  4760 | D:4      | Found an iron altar of Okawaru.
  5074 | D:4      | Found Nasapn's Jewellery Boutique.
  5144 | D:4      | Reached skill level 7 in Spellcasting
  5419 | D:5      | Entered Level 5 of the Dungeon
  5524 | D:5      | Reached XP level 8. HP: 41/41 MP: 13/20
  5742 | D:5      | Found a hazy altar of Hepliaklqana.
  5863 | D:5      | Found a shimmering altar of Xom.
  5864 | D:5      | Noticed a spectral ugly thing
  5902 | D:5      | Found a staircase to the Ecumenical Temple.
  5910 | Temple   | Entered the Ecumenical Temple
  5948 | Temple   | Became a worshipper of Vehumet
  7444 | D:6      | Reached skill level 8 in Spellcasting
  7696 | D:6      | Slain by a gnoll

Vault maps used:
D:1:      noname_arrival_rooms_in_the_neighbourhood, xom_teletrap_fun
D:2:      tso_metal_star, overflow_temple_1_default, bloody_trog, uniq_terence,
          uniq_robin
D:3:      first_ration, portal_sewer_entry_a, grunt_ministairs_1
D:4:      grunt_temple_overflow_bloody_war, overflow_temple_1_default,
          serial_shops, kennysheep_mini_moat, fedhas_bush_and_centaur_altar
D:5:      regret_index_temple_of_mockery, minmay_temple_entry_hall,
          enter_ossuary_3
D:6:      gammafunk_temple_overflow_elements, uniq_duvessa
Temple:   pf_slimified_temple
Sewer:    kennysheep_door_sewer

Skill      XL: |  1  2  3  4  5  6  7  8 |
---------------+-------------------------+-----
Conjurations   | 2 3 4 5 6 7 |  7.6
Spellcasting   | 4 5 7 8 |  8.4
Fire Magic     | 4 5 6 7 |  7.4
Dodging        | |  2.4
Stealth        | |  2.4

Action                   |  1- 3 |  4- 6 |  7- 9 || total
-------------------------+-------+-------+-------++-------
Melee: Unarmed           |       |       |    28 ||    28
 Cast: Flame Tongue      |    60 |   129 |   134 ||   323
       Conjure Flame     |       |     5 |     9 ||    14
       Sticky Flame      |       |     2 |    11 ||    13
       Fireball          |       |       |     2 ||     2
  Use: Scroll            |       |     8 |     2 ||    10
       Potion            |       |       |     4 ||     4
  Eat: Chunk             |       |     8 |    11 ||    19
       Ration            |       |       |     1 ||     1
Armor: Robe              |     2 |     3 |    11 ||    16
Dodge: Dodged            |    12 |    40 |    74 ||   126

Table legend:
 A = Spawn XP
 B = Non-spawn XP
 C = Spawn XP percentage of total XP
 D = Spawn monster count
 E = Non-spawn monster count
 F = Spawn count percentage of total count
 G = Total turns spent on level
                    A         B        C        D         E        F      G
               +---------+---------+-------+---------+---------+-------+---------
         Total |       0 |    2313 |   0.0 |       0 |     155 |   0.0 |  7696
               +---------+---------+-------+---------+---------+-------+---------
           D:1 |       0 |      75 |   0.0 |       0 |      27 |   0.0 |  1313
           D:2 |       0 |     244 |   0.0 |       0 |      48 |   0.0 |  1287
           D:3 |       0 |     321 |   0.0 |       0 |      23 |   0.0 |   929
           D:4 |       0 |     597 |   0.0 |       0 |      22 |   0.0 |  1571
           D:5 |       0 |     456 |   0.0 |       0 |      12 |   0.0 |  1749
           D:6 |       0 |     473 |   0.0 |       0 |      17 |   0.0 |   410
         Sewer |       0 |     147 |   0.0 |       0 |       6 |   0.0 |   325
               +---------+---------+-------+---------+---------+-------+---------
